 Dungeon Crawl Stone Soup version 0.29.1-1-gd02db69 (webtiles) character file.

Game seed: 4265783089109247542

7959 Promethias the Spear-Bearer (level 11, 0/75 HPs)
             Began as a Formicid Fighter on Dec 6, 2022.
             Was an Elder of Hepliaklqana.
             Slain by a nine-headed hydra (7 damage)
             ... on level 11 of the Dungeon on Dec 22, 2022.
             The game lasted 01:17:38 (8307 turns).

Promethias the Spear-Bearer (Formicid Fighter)      Turns: 8307, Time: 01:17:38

Health: 0/75       AC: 11    Str: 34    XL:     11   Next: 46%
Magic:  9/12       EV: 11    Int:  5    God:    Hepliaklqana [****..]
Gold:   172        SH: 11    Dex: 20    Spells: 11/12 levels left

rFire   . . .      SeeInvis +   z - +4 halberd (venom)
rCold   . . .      Faith    +   F - +0 kite shield
rNeg    . . .      Spirit   .   k - +5 ring mail of Ashenzari's Regard {Will+ Int-4 Dex+5}
rPois   .          Reflect  .   (helmet unavailable)
rElec   .          Harm     .   (no cloak)
rCorr   .          Rampage  .   (no gloves)
Will    ++...                   (no boots)
Stlth   ++++......              C - amulet of faith
HPRegen 0.22/turn               l - +6 ring of strength
MPRegen 0.13/turn               r - +6 ring of strength

@: no status effects
A: reduced essence, permanent stasis, dig shafts and tunnels, antennae 3, four
strong arms
a: Dig, Shaft Self, Renounce Religion, Recall Ancestor, Ancestor Identity,
Transference, Idealise


You were on level 11 of the Dungeon.
You worshipped Hepliaklqana.
Hepliaklqana was greatly pleased with you.
You visited 2 branches of the dungeon, and saw 11 of its levels.

You collected 396 gold pieces.
You spent 224 gold pieces at shops.

Inventory:

Hand Weapons
 a - a +0 trident
 s - a +0 spear
 u - a +4 spear of flaming
 w - a +0 shortbow
 y - a +0 whip of flaming
 z - a +4 halberd of venom (weapon)
 G - a +0 glaive
 L - a +3 dagger
Missiles
 J - 5 javelins (quivered)
Armour
 b - a +0 scale mail
 c - a +0 buckler
 k - the +5 ring mail of Ashenzari's Regard (worn) {Will+ Int-4 Dex+5}
   (You found it on level 2 of the Dungeon)

   Int:       It affects your intelligence (-4).
   Dex:       It affects your dexterity (+5).
   Will:      It increases your willpower.
 p - a +1 helmet
 F - a +0 kite shield (worn)
 N - a +0 troll leather armour
 O - a +0 cloak
Magical Staves
 j - a staff of death
Jewellery
 l - a +6 ring of strength (left hand)
 q - a ring of positive energy
 r - a +6 ring of strength (right hand)
 C - an amulet of faith (around neck)
 E - a ring of magical power
 I - a ring of see invisible
Wands
 n - a wand of charming (10)
 D - a wand of roots (7)
Scrolls
 e - 2 scrolls of noise
 f - 5 scrolls of identify
 h - 3 scrolls of teleportation
 i - 2 scrolls of magic mapping {unknown}
 m - 3 scrolls of fog
 x - 3 scrolls of poison
 A - a scroll of summoning {unknown}
 B - 3 scrolls of immolation {unknown}
 M - a scroll of amnesia {unknown}
Potions
 d - a potion of might
 o - 2 potions of attraction
 t - 2 potions of magic
 v - 2 potions of heal wounds {unknown}
 H - a potion of flight
 K - a potion of brilliance {unknown}
 P - a potion of mutation {unknown}
Miscellaneous
 Q - a condenser vane (inert)


   Skills:
 + Level 7.1 Fighting
 + Level 0.9 Maces & Flails
 + Level 11.4 Polearms
 + Level 0.9 Throwing
 + Level 7.8 Armour
 + Level 2.4 Dodging
 + Level 8.7 Stealth
 + Level 6.7 Shields
 + Level 1.1 Spellcasting
 * Level 3.8 Hexes
 + Level 2.2 Invocations


You had 11 spell levels left.
You knew the following spells:

 Your Spells              Type           Power      Damage    Failure   Level
a - Slow                  Hex            16%        N/A       28%         1

Your spell library contained the following spells:

 Spells                   Type           Power      Damage    Failure   Level
 Confusing Touch          Hex            4%         N/A       63%         3
 Summon Guardian Golem    Hex/Summ       2%         N/A       88%         3
 Scorch                   Fire           0%         2d5       90%         2
 Static Discharge         Conj/Air       0%         3-3/arc   90%         2
 Ozocubu's Armour         Ice            0%         N/A       99%         3
 Vampiric Draining        Necr           0%         2d6       99%         3
 Dispel Undead            Necr           0%         3d6       100%        4
 Flame Wave               Conj/Fire      0%         2d4       100%        4
 Sticky Flame             Conj/Fire      0%         2d3       100%        4
 Summon Cactus Giant      Summ           0%         N/A       100%        6
 Orb of Destruction       Conj           0%         9d5       100%        7
 Ozocubu's Refrigeration  Ice            0%         4d7       100%        7
 Spellforged Servitor     Conj/Summ      0%         N/A       100%        7


Dungeon Overview and Level Annotations

Branches:
Dungeon (11/15)            Temple (1/1) D:7            Lair (0/5) D:9
    Orc: D:9-12

Altars:
Ashenzari
Cheibriados
Dithmenos
Elyvilon
Fedhas
Gozag
Hepliaklqana
Kikubaaqudgha
Makhleb
Nemelex Xobeh
Okawaru
Qazlal
Ru
Sif Muna
Trog
Uskayaw
Vehumet
Wu Jian
Xom
Yredelemnul
Zin
The Shining One
Lugonu

Shops:
D:6 **=*?

Portals:
Abyss: D:10

Annotations:
D:10 2 runed translucent doors


Innate Abilities, Weirdness & Mutations

Your life essence is reduced to manifest your ancestor. (-10% HP)
You cannot be hasted, slowed, berserked, paralysed or teleported.
You can dig through walls and to a lower floor.
You have a pair of large antennae on your head. (SInv)
Your four strong arms can wield two-handed weapons with a shield.


Message History

The nine-headed hydra closely misses you.
The nine-headed hydra bites you but does no damage.
You block the nine-headed hydra's attack. x2
The nine-headed hydra misses you.
The nine-headed hydra bites you but does no damage.
You block the nine-headed hydra's attack.
You feel better. The nine-headed hydra bites you.
* * * LOW HITPOINT WARNING * * *
The nine-headed hydra bites you but does no damage.
You block the nine-headed hydra's attack.
The nine-headed hydra bites you.
* * * LOW HITPOINT WARNING * * *
The nine-headed hydra bites you but does no damage.
The nine-headed hydra bites you.
* * * LOW HITPOINT WARNING * * *
The nine-headed hydra misses you.
You block the nine-headed hydra's attack.
The nine-headed hydra barely misses you.
Welcome back, Promethias the Formicid Fighter.
Hepliaklqana says: Your past becomes your present!
Press ? for a list of commands and other information.
You feel better.
You block the nine-headed hydra's attack.
The nine-headed hydra bites you but does no damage.
The nine-headed hydra bites you.
* * * LOW HITPOINT WARNING * * *
The nine-headed hydra bites you but does no damage.
You block the nine-headed hydra's attack.
The nine-headed hydra bites you.
* * * LOW HITPOINT WARNING * * *
The nine-headed hydra bites you but does no damage.
The nine-headed hydra bites you.
* * * LOW HITPOINT WARNING * * *
You block the nine-headed hydra's attack.
You block the acid dragon's attack. The acid dragon misses you.
You feel better. The nine-headed hydra bites you!
* * * LOW HITPOINT WARNING * * *
The nine-headed hydra bites you but does no damage. x2
The nine-headed hydra bites you!
You die...

.......................
................#####..
##........##.....#>#....
#..........####.......#
#...........#.#.......#
.##....#..........#..#..##
.......##...###..##..##..#
#.....##.[.###.........<.
#....D@...##...........
#......D..............###
##........#.....##.....
.......##.#########....
.###.#. ### #.... #..#.
##... ... .. ## ... ..


You could see a nine-headed hydra (very poisoned) and an acid dragon.

Vanquished Creatures
  A hydra (D:9)
  An unseen horror (D:11)
  A komodo dragon (D:9)
  2 trolls
  A shadow (D:10)
  A wraith (D:11)
  A vampire (D:10)
  4 yaks (D:9)
  4 vampire mosquitoes (D:10)
  2 orc warriors
  A black bear (D:5)
  An ogre (D:5)
  3 centaurs
  A phantom (D:6)
  A necrophage (D:4)
  A gnoll sergeant (D:9)
  2 scorpions
  A hound (D:5)
  7 jellies
  2 orc priests
  2 orc wizards
  4 gnolls (D:9)
  2 adders
  An ufetubus (D:5)
  A dart slug (D:3)
  9 orcs
  4 bats
  8 endoplasms
  A giant cockroach (D:3)
  4 goblins (D:1)
  2 hobgoblins
  A jackal (D:1)
  2 kobolds
  5 quokkas
  5 ball pythons
  4 frilled lizards
  5 rats
98 creatures vanquished.

Vanquished Creatures (collateral kills)
  Pikel (D:5)
  An oklob plant (D:6)
  A cyclops (D:10)
  A troll (D:9)
  A hornet (D:9)
  A shadow (D:10)
  A yak (D:9)
  A wyvern (D:10)
  5 ice beasts
  An ogre (D:5)
  3 scorpions (D:5)
  2 gnoll sergeants
  A howler monkey (D:9)
  2 hounds (D:6)
  5 jellies
  4 orc priests
  An iguana (D:6)
  3 orc wizards (D:7)
  A mummy (D:6)
  6 gnolls
  2 adders
  An ufetubus (D:5)
  A worm (D:5)
  2 dart slugs (D:3)
  12 orcs
  5 endoplasms
  3 giant cockroaches
  2 goblins (D:2)
  A hobgoblin (D:4)
  A jackal (D:1)
  2 bats
  A frilled lizard (D:1)
  2 kobolds
  4 rats
81 creatures vanquished.

Vanquished Creatures (others)
  7 battlemagi
  An ancestor (D:1)
  7 fungi (D:6)
  6 plants (D:9)
  A withered plant (D:3)
22 creatures vanquished.

Grand Total: 201 creatures vanquished

Notes
Turn   | Place    | Note
-------+----------+-------------------------------------------
     0 | D:1      | Promethias the Formicid Fighter began the quest for the
                  | Orb.
     0 | D:1      | Reached XP level 1. HP: 18/18 MP: 1/1
    62 | D:1      | Found a faded altar of an unknown god.
    85 | D:1      | Prayed at the altar of an unknown god.
    85 | D:1      | Became a worshipper of Hepliaklqana the Forgotten
    85 | D:1      | Reached * piety under Hepliaklqana
   187 | D:1      | Reached XP level 2. HP: 21/21 MP: 2/2
   322 | D:1      | Reached XP level 3. HP: 26/26 MP: 3/3
  1117 | D:2      | Identified the +5 ring mail of Ashenzari's Regard {Will+
                  | Int-4 Dex+5}
  1191 | D:2      | Reached ** piety under Hepliaklqana
  1192 | D:2      | Remembered your ancestor Hsekiu as a battlemage
  1574 | D:2      | Reached XP level 4. HP: 30/33 MP: 4/4
  1946 | D:3      | Found an ancient bone altar of Kikubaaqudgha.
  2007 | D:3      | Reached XP level 5. HP: 35/37 MP: 5/5
  2020 | D:3      | Reached skill level 3 in Polearms
  2511 | D:4      | Reached *** piety under Hepliaklqana
  2520 | D:4      | Reached skill level 1 in Stealth
  2520 | D:4      | Reached skill level 5 in Shields
  2786 | D:4      | Reached XP level 6. HP: 43/43 MP: 6/6
  2927 | D:4      | Reached skill level 4 in Polearms
  3131 | D:5      | Entered Level 5 of the Dungeon
  3147 | D:5      | Noticed an ice beast
  3155 | D:5      | Killed an ice beast
  3156 | D:5      | Reached XP level 7. HP: 48/48 MP: 7/7
  3201 | D:5      | Noticed Pikel
  3206 | D:5      | Killed Pikel
  3207 | D:5      | Reached skill level 6 in Polearms
  3207 | D:5      | Reached skill level 5 in Armour
  3207 | D:5      | Reached skill level 1 in Dodging
  3207 | D:5      | Reached XP level 8. HP: 49/54 MP: 8/8
  3476 | D:5      | Reached skill level 5 in Fighting
  3606 | D:5      | Reached skill level 5 in Stealth
  3640 | D:5      | Reached skill level 7 in Polearms
  3640 | D:5      | Reached XP level 9. HP: 45/61 MP: 9/9
  4315 | D:6      | Found Dob Wamu's Magic Scroll Shoppe.
  4327 | D:6      | Bought a scroll of identify for 28 gold pieces
  4327 | D:6      | Bought a scroll of identify for 28 gold pieces
  4417 | D:6      | Reached **** piety under Hepliaklqana
  4612 | D:6      | Found a sand-covered staircase.
  4685 | D:6      | Reached skill level 8 in Polearms
  4841 | D:6      | Found Guput's General Store.
  4853 | D:6      | Found Hieloshra's Assorted Antiques.
  4853 | D:6      | Found Keik's General Store.
  4858 | D:6      | Found Qazxiacs's Jewellery Boutique.
  4868 | D:6      | Bought a +2 halberd of venom for 168 gold pieces
  5131 | D:6      | Noticed an oklob plant
  5207 | D:6      | Killed an oklob plant
  5208 | D:6      | Reached skill level 1 in Invocations
  5208 | D:6      | Reached XP level 10. HP: 47/68 MP: 10/10
  5226 | D:6      | Learned a level 1 spell: Slow
  5560 | D:7      | Reached skill level 9 in Polearms
  5699 | D:7      | Found a staircase to the Ecumenical Temple.
  5705 | Temple   | Entered the Ecumenical Temple
  6346 | D:7      | You fall into a shaft and drop 2 floors!
  6446 | D:9      | Reached skill level 10 in Polearms
  6658 | D:9      | Noticed an eight-headed hydra
  6668 | D:9      | Killed a ten-headed hydra
  6973 | D:9      | Reached skill level 1 in Hexes
  6983 | D:9      | Found a staircase to the Lair.
  6983 | D:9      | Noticed a komodo dragon
  6987 | D:9      | Killed a komodo dragon
  6988 | D:9      | Reached XP level 11. HP: 74/74 MP: 12/12
  7276 | D:10     | Entered Level 10 of the Dungeon
  7412 | D:10     | Reached skill level 11 in Polearms
  7498 | D:10     | Noticed a cyclops
  7679 | D:10     | Found a large runed translucent door.
  7679 | D:10     | Found a large runed translucent door.
  7682 | D:10     | Found a corrupted altar of Lugonu.
  7682 | D:10     | Noticed a red ugly thing
  7682 | D:10     | Noticed a brown ugly thing
  7690 | D:10     | Identified the +8 dagger "Dig Ykhu" {distort, rN++}
  7690 | D:10     | Identified the +1 robe of Vuff {+Blink Int+7}
  7749 | D:10     | Reached skill level 1 in Spellcasting
  7954 | D:10     | Killed a cyclops
  8183 | D:10     | Found a one-way gate to the infinite horrors of the Abyss.
  8281 | D:11     | Noticed a four-headed hydra
  8307 | D:11     | Slain by a nine-headed hydra

Illustrated notes

Levels and vault maps discovered:
D:1:      minmay_arrival_radiant_lines, layout_loops_corners,
          ebering_ecumenical_altar_webs
D:2:      layout_loops_cross
D:3:      layout_basic, kiku_gazebo_garden_becter, minmay_distorted
D:4:      layout_loops_ring
D:5:      layout_loops_corners, serial_glass, glass_columns_a, glass_columns_a,
          glass_columns_c, glass_columns_a, glass_columns_b, feat_on_display,
          minmay_misc_feat_secret_circle, uniq_pikel
D:6:      lemuel_slime, layout_loops_ring, gup_ossuary_entry_pyramid,
          grunt_decor_cap, nicolae_stop_n_shop_2, minmay_misc_feat_room,
          minmay_shop_grid_forest, due_unseen_surprise
D:7:      layout_basic, minmay_temple_entry_enclosed_plants,
          gammafunk_ghost_grave, kennysheep_generic_room_9
D:9:      layout_basic, david_lair_shrubbed
D:10:     due_chaos_kobolds, layout_loops_ring
D:11:     layout_cave_pools
Temple:   mainiacjoe_temple_starburst

Skill      XL: |  1  2  3  4  5  6  7  8  9 10 11 |
---------------+----------------------------------+-----
Armour         | 4 5 6 7 |  7.8
Polearms       | 3 4 6 7 8 10 11 | 11.4
Stealth        | 1 2 3 5 6 8 |  8.7
Shields        | 5 6 |  6.7
Fighting       | 4 5 6 7 |  7.1
Dodging        | 1 2 |  2.4
Invocations    | 1 2 |  2.2
Hexes          | 1 3 |  3.8
Spellcasting   | 1 |  1.1
Maces & Flails | |  0.9
Throwing       | |  0.9

Action                   |  1- 3 |  4- 6 |  7- 9 | 10-12 || total
-------------------------+-------+-------+-------+-------++-------
Melee: Trident           |    77 |    47 |    58 |       ||   182
       Whip              |       |       |    16 |       ||    16
       Halberd           |       |       |    22 |   110 ||   132
       Spear             |       |       |    15 |       ||    15
Throw: Javelin           |       |       |       |     5 ||     5
Invok: Ancestor Life: Ba |     1 |       |       |       ||     1
       Transference      |       |       |     2 |       ||     2
       Ancestor Identity |       |       |     1 |       ||     1
       Idealise          |       |       |       |     2 ||     2
       Recall Ancestor   |       |       |       |     1 ||     1
 Abil: Dig               |     1 |       |     1 |     1 ||     3
Evoke: Condenser vane    |       |       |       |     1 ||     1
  Use: Potion            |     2 |       |     7 |     3 ||    12
       Scroll            |       |     7 |     4 |       ||    11
 Stab: Distracted        |       |     2 |     4 |     2 ||     8
       Sleeping          |       |     1 |     5 |     3 ||     9
       Confused          |       |       |       |     1 ||     1
Armor: Scale mail        |    21 |       |       |       ||    21
       Ring mail         |     3 |     9 |    32 |    25 ||    69
Dodge: Dodged            |    26 |     6 |    26 |    27 ||    85
Block: Buckler           |    13 |     5 |    19 |     2 ||    39
       Kite shield       |       |       |       |    44 ||    44
